 Dungeon Crawl Stone Soup version 0.26.0-10-g1f06aea511 (webtiles) character file.

Game seed: 4771540816239324925

25 inc the Sneak (level 2, -3/11 HPs)
             Began as a Felid Enchanter on Jan 29, 2021.
             Slain by an iguana (14 damage)
             ... on level 2 of the Dungeon.
             The game lasted 00:02:21 (2686 turns).

inc the Sneak (Felid Enchanter)                     Turns: 2686, Time: 00:02:22

Health: -3/11      AC:  1    Str:  4    XL:     2   Next: 86%
Magic:  6/6        EV: 18    Int: 16    God:
Gold:   108        SH:  0    Dex: 16    Spells: 2/5 levels left
                                        Lives:  0   Deaths: 0

rFire    . . .     SeeInvis +     - Unarmed
rCold    . . .     Faith    .   (shield unavailable)
rNeg     . . .     Spirit   .   (armour unavailable)
rPois    .         Reflect  .   (helmet unavailable)
rElec    .         Harm     .   (cloak unavailable)
rCorr    .         Rampage  .   (gloves unavailable)
Will     .....                  (boots unavailable)
Stlth    +++.......             (no amulet)
HPRegen  0.03/turn              a - ring of wizardry
MPRegen  0.10/turn              (no ring)

@: quick
A: very small, no armour, no weapons or thrown items, stealth, claws 1, fangs 3,
see invisible, speed 1, shaggy fur 1, sharp paws
a: no special abilities


You were on level 2 of the Dungeon.
You visited 1 branch of the dungeon, and saw 2 of its levels.

You collected 108 gold pieces.

Inventory:

Jewellery
 a - a ring of wizardry (left paw)
Scrolls
 c - a scroll of enchant armour {unknown}
 d - a scroll of identify {unknown}
 h - a scroll of immolation {unknown}
 i - a scroll of amnesia {unknown}
Potions
 b - 3 potions of curing {unknown}
 e - a potion of ambrosia {unknown}
 f - a potion of berserk rage {unknown}
 g - a potion of flight {unknown}
 j - a potion of heal wounds {unknown}


   Skills:
 - Level 2.6 Dodging
 + Level 4.5 Stealth
 + Level 2.5 Unarmed Combat
 - Level 2.0 Spellcasting
 - Level 4.4 Hexes


You had 2 spell levels left.
You knew the following spells:

 Your Spells              Type           Power        Failure   Level
a - Corona                Hex            16%          1%          1
b - Ensorcelled Hibernat  Hex/Ice        16%          5%          2

Your spell library contained the following spells:

 Spells                   Type           Power        Failure   Level
 Confusing Touch          Hex            15%          4%          3
 Tukima's Dance           Hex            15%          4%          3
 Dazzling Flash           Conj/Hex       16%          11%         3


Dungeon Overview and Level Annotations

Branches:
Dungeon (2/15)

Altars:


Innate Abilities, Weirdness & Mutations

You cannot wear armour.
You are incapable of wielding weapons or throwing items.
Your paws allow you to move quietly. (Stealth)
You have sharp claws.
You have razor-sharp teeth.
You have supernaturally acute eyesight. (SInv)
You cover ground quickly.
You are covered in fur. (AC +1)
Your sharp claws are effective at attacking unaware monsters.


Message History

An iguana is nearby!
Casting: Ensorcelled Hibernation (safe; 5% risk of failure)
Confirm with . or Enter, or press ? or * to list all spells.
Aiming: Ensorcelled Hibernation (safe; 5% risk of failure)
Press: ? - help, Shift-Dir - straight line, f/p - iguana
Aim: an iguana (lightly wounded, chance to affect: 49%)
The iguana looks drowsy...
You start resting.
Magic restored.
You start resting.
HP restored.
You pounce on the unaware helpless iguana!
You claw the iguana! Your bite misses the iguana.
The iguana is severely wounded.
The iguana barely misses you.
You scratch the iguana.
The iguana is severely wounded.
The iguana bites you!
Ouch! That really hurt!
You die...

###.....#...###.......#
..'.....'.............+
##.....##............#
.##..<..##.>..........#
..'.....'.............#
.##.....###...#.......##
#.....# #............#
#.....# #............#
####### ###...@.)....# ...##
#....l.....# #....
######..........#
######.........#.>......
#..............#############
#..............'..l........#
#...†..........###########.#
#..............# #.#
#..............# #l#


You could see an iguana.

Vanquished Creatures
  2 leopard geckos
  A giant cockroach (D:1)
  A goblin (D:1)
  4 hobgoblins
  6 kobolds (D:1)
  A ball python (D:2)
  A bat (D:1)
  6 frilled lizards
  3 rats (D:1)
25 creatures vanquished.

Notes
Turn   | Place    | Note
-------+----------+-------------------------------------------
     0 | D:1      | inc the Felid Enchanter began the quest for the Orb.
     0 | D:1      | Reached XP level 1. HP: 7/7 MP: 4/4
  1226 | D:1      | Reached XP level 2. HP: 11/11 MP: 6/6
  1229 | D:1      | Learned a level 2 spell: Ensorcelled Hibernation
  2686 | D:2      | Slain by an iguana

Illustrated notes

Levels and vault maps discovered:
D:1:      dpeg_arrival_boxes_within_box, layout_basic, serial_forest,
          infiniplex_forest_zigzag_1, infiniplex_forest_straight_3,
          infiniplex_forest_lined_3, infiniplex_forest_join,
          infiniplex_forest_lined_room_2, infiniplex_forest_split,
          infiniplex_forest_lined_ring, infiniplex_forest_end_2,
          infiniplex_forest_join, fountainhead
D:2:      layout_basic

Skill      XL: |  1 |
---------------+----+-----
Unarmed Combat | 2 |  2.5
Dodging        | |  2.6
Stealth        | |  4.5
Spellcasting   | |  2.0
Hexes          | |  4.4

Action                   || total
-------------------------++-------
Melee: Unarmed           ||    59
       Bite              ||     3
 Cast: Corona            ||     7
       Ensorcelled Hiber ||    22
 Stab: Sleeping          ||    17
Armor: Skin              ||     4
Dodge: Dodged            ||    58
